 Dungeon Crawl Stone Soup version 0.28-a0-1565-g95a8017c83 (webtiles) character file.

Game seed: 7861351823576094639

8 funkygono the Firebug (level 2, 0/15 HPs)
             Began as a Gargoyle Fire Elementalist on Jan 19, 2022.
             Slain by a jackal (2 damage)
             ... on level 1 of the Dungeon.
             The game lasted 00:00:39 (327 turns).

funkygono the Firebug (Gargoyle Fire Elementalist)   Turns: 327, Time: 00:00:41

Health: 0/15       AC:  4    Str: 11    XL:     2   Next: 8%
Magic:  3/5        EV: 12    Int: 15    God:
Gold:   10         SH:  0    Dex: 10    Spells: 2/5 levels left

rFire   . . .      SeeInvis .   f - +0 club
rCold   . . .      Faith    .   (no shield)
rNeg    + . .      Spirit   .   a - +0 robe
rPois   ∞          Reflect  .   (no helmet)
rElec   +          Harm     .   (no cloak)
rCorr   .          Rampage  .   (no gloves)
Will    .....                   (no boots)
Stlth   ++........              (no amulet)
HPRegen 0.05/turn               (no ring)
MPRegen 0.09/turn               (no ring)

@: no status effects
A: sickness immunity, AC +2, negative energy resistance 1, electricity
resistance, torment resistance 1, petrification resistance
a: no special abilities


You were on level 1 of the Dungeon.
You visited 1 branch of the dungeon, and saw 1 of its levels.

You collected 10 gold pieces.

Inventory:

Hand Weapons
 f - a +0 club (weapon)
Armour
 a - a +0 robe (worn)
Scrolls
 b - a scroll of brand weapon {unknown}
 e - a scroll of fear {unknown}
Potions
 c - 2 potions of might {unknown}
 d - a potion of brilliance {unknown}


   Skills:
 + Level 1.6 Dodging
 - Level 2.1 Stealth
 * Level 2.1 Spellcasting
 * Level 1.2 Conjurations
 * Level 3.3 Fire Magic


You had 2 spell levels left.
You knew the following spells:

 Your Spells              Type           Power      Damage    Failure   Level
a - Foxfire               Conj/Fire      32%        2x1d5     9%          1
b - Scorch                Fire           22%        2d6       9%          2

Your spell library contained the following spells:

 Spells                   Type           Power      Damage    Failure   Level
 Conjure Flame            Conj/Fire      8%         6-21      26%         3
 Inner Flame              Hex/Fire       6%         N/A       32%         3
 Flame Wave               Conj/Fire      8%         2d4       63%         4


Dungeon Overview and Level Annotations

Branches:
Dungeon (1/15)

Altars:


Innate Abilities, Weirdness & Mutations

You are immune to sickness and miasma.
Your stone body is resilient. (AC +2)
You are immune to poison.
You resist negative energy. (rN+)
You are resistant to electric shocks. (rElec)
You are resistant to unholy torment.
You are immune to petrification.


Message History

A jackal comes into view.
You barely miss the jackal.
The jackal is severely wounded.
The jackal bites you. x2
A jackal comes into view.
You closely miss the jackal.
The jackal is severely wounded.
The jackal closely misses you.
You hit the jackal but do no damage. The jackal misses you.
The jackal bites you. The jackal bites you. The jackal bites you.
The jackal barely misses you. The jackal completely misses you.
The jackal bites you.
The jackal bites you but does no damage.
The jackal completely misses you. The jackal bites you.
The jackal closely misses you. The jackal closely misses you.
The jackal closely misses you. The jackal closely misses you.
The jackal misses you.
Casting: Foxfire (safe; 9% risk of failure)
Confirm with . or Enter, or press ? or * to list all spells.
You conjure some foxfire!
The jackal barely misses you. The jackal bites you.
* * * LOW HITPOINT WARNING * * *
The foxfire hits the jackal but does no damage.
The jackal bites you but does no damage.
The jackal bites the bush but does no damage.
The jackal closely misses you.
The jackal bites the bush but does no damage. x2
You see here a kobold corpse.
Casting: Foxfire (safe; 9% risk of failure)
Confirm with . or Enter, or press ? or * to list all spells.
You conjure some foxfire!
The jackal bites you.
* * * LOW HITPOINT WARNING * * *
The jackal bites the bush but does no damage. x2
The jackal bites you.
You die...

##..........#....#############
....†.......#...>'...........#
####)########....###########.#
#.# #....# #.# #.##
################.# #..#
#.............# #####.########
#.############# ≈≈≈≈≈.≈≈≈≈≈≈≈#
#v#### ≈≈≈.....≈≈≈≈≈# #@P..#
....≈≈≈....≈≈# #h♣♣PP
..≈≈≈.≈≈≈...≈# #hP♣P#
.≈≈≈.<..≈≈..≈# #h...#
..≈≈≈.≈≈≈...≈# #.####
....≈≈≈....≈≈###.#########
≈≈≈.....≈≈≈≈≈#...#...h..†#
≈≈≈≈≈≈≈≈≈≈≈≈≈#.###.#####.#
##############.# #.# #.#


You could see 3 jackals.

Vanquished Creatures
  A ball python (D:1)
  A bat (D:1)
  An endoplasm (D:1)
  A goblin (D:1)
  A kobold (D:1)
  A quokka (D:1)
6 creatures vanquished.

Vanquished Creatures (collateral kills)
  A foxfire (D:1)
1 creature vanquished.

Vanquished Creatures (others)
  15 foxfires (D:1)
  A plant (D:1)
16 creatures vanquished.

Grand Total: 23 creatures vanquished

Notes
Turn   | Place    | Note
-------+----------+-------------------------------------------
     0 | D:1      | funkygono the Gargoyle Fire Elementalist began the quest
                  | for the Orb.
     0 | D:1      | Reached XP level 1. HP: 10/10 MP: 3/3
   173 | D:1      | Reached XP level 2. HP: 15/15 MP: 1/5
   178 | D:1      | Learned a level 2 spell: Scorch
   327 | D:1      | Slain by a jackal

Illustrated notes

Levels and vault maps discovered:
D:1:      dpeg_arrival_shrine, layout_basic, ebering_ecumenical_altar_webs,
          serial_forest, infiniplex_forest_clump_double,
          infiniplex_forest_zigzag_2, infiniplex_forest_zigzag_1,
          infiniplex_forest_end_2, infiniplex_forest_clump_double,
          infiniplex_forest_clump_tiny, infiniplex_forest_clump_tiny,
          amethyst_killhole

Action                   || total
-------------------------++-------
Melee: Club              ||     3
 Cast: Foxfire           ||    10
Armor: Robe              ||     3
Dodge: Dodged            ||    14

Table legend: (Time is in decaauts)
 A = Elapsed time spent in this place.
 B = Non-inter-level travel time spent in this place.
 C = Inter-level travel time spent in this place.
 D = Time resting spent in this place.
 E = Time spent auto-exploring this place.
 F = Levels seen in this place.
 G = Mean time per level.
                   A        B        C        D        E       F      G
               +--------+--------+--------+--------+--------+-----+--------+
         Total |    328 |    328 |      0 |     38 |    192 |   1 |  328.0 |
       Dungeon |    328 |    328 |      0 |     38 |    192 |   1 |  328.0 |
               +--------+--------+--------+--------+--------+-----+--------+

Top non-repeatable levels by time:
     D:1: 328 daAuts
